 Dungeon Crawl Stone Soup version 0.23-a0-335-gba3dfdf (webtiles) character file.

35 Amnesiac the Sneak (level 3, 0/14 HPs)
             Began as a Felid Earth Elementalist on Oct 18, 2018.
             Hit by a stone thrown by a kobold (1 damage)
             ... on level 1 of the Dungeon.
             The game lasted 00:03:24 (1227 turns).

Amnesiac the Sneak (Felid Earth Elementalist)       Turns: 1227, Time: 00:03:25

Health: 0/14       AC:  1    Str:  4    XL:     3   Next: 16%
Magic:  7/7        EV: 18    Int: 16    God:
Gold:   54         SH:  0    Dex: 17    Spells: 3/6 levels left
                                        Lives:  0   Deaths: 0

rFire    . . .     SeeInvis +     - Unarmed
rCold    . . .     Gourm    .   (shield unavailable)
rNeg     . . .     Faith    .   (armour unavailable)
rPois    .         Spirit   .   (helmet unavailable)
rElec    .         Reflect  .   (cloak unavailable)
rCorr    .         Harm     .   (gloves unavailable)
MR       .....                  (boots unavailable)
Stlth    +++.......             (no amulet)
HPRegen  0.04/turn              (no ring)
MPRegen  0.10/turn              (no ring)

@: quick
A: very small, no armour, no weapons or thrown items, stealth, claws 1, fangs 3,
see invisible, carnivore, speed 1, shaggy fur 1, slow metabolism 1, sharp paws
a: no special abilities


You were on level 1 of the Dungeon.
You were very full.

You visited 1 branch of the dungeon, and saw 1 of its levels.

You collected 54 gold pieces.

Inventory:

Missiles
 b - 55 stones
Scrolls
 a - a scroll of immolation {!r, unknown}
 d - a scroll of enchant armour {!r, unknown}
 g - a scroll of remove curse {!r, unknown}
Potions
 e - a potion of curing {!q, unknown}
 f - a potion of brilliance {!q, unknown}
 h - a potion of haste {!q, unknown}
Comestibles
 c - 2 rations
 i - 2 chunks of flesh


   Skills:
 - Level 2.6 Dodging
 - Level 2.6 Stealth
 * Level 2.5 Unarmed Combat
 - Level 2.0 Spellcasting
 + Level 1.6 Transmutations
 - Level 2.6 Earth Magic


You had 3 spell levels left.
You knew the following spells:

 Your Spells              Type           Power        Failure   Level  Hunger
a - Sandblast             Erth           ##....       7%          1    #......
b - Passwall              Tmut/Erth      #.......     13%         2    ###....

Your spell library contained the following spells:

 Spells                   Type           Power        Failure   Level  Hunger
 Stone Arrow              Conj/Erth      #.....       34%         3    ###....
 Petrify                  Tmut/Erth      #.......     63%         4    #####..
 Lee's Rapid Deconstruct  Erth           ##........   88%         5    ######.


Dungeon Overview and Level Annotations

Branches:
Dungeon (1/15)

Altars:


Innate Abilities, Weirdness & Mutations

You cannot wear armour.
You are incapable of wielding weapons or throwing items.
Your paws allow you to move quietly. (Stealth)
You have sharp claws.
You have razor-sharp teeth.
You have supernaturally acute eyesight. (SInv)
You are carnivorous and can eat meat at any time.
You cover ground quickly.
You are covered in fur. (AC +1)
You have a slow metabolism.
Your sharp claws are effective at attacking unaware monsters.


Message History

You scratch the bat.
The bat is severely wounded.
The bat barely misses you. The bat closely misses you. x2
You scratch the bat.
You kill the bat!
No target in view!
No target in view!
There is an open door here.
A goblin comes into view. It is wielding a +4 dagger.
Found a ruby potion.
A goblin is nearby!
A goblin is nearby!
The goblin shouts!
A kobold comes into view.
Casting: Sandblast (safe; 7% risk of failure)
Confirm with . or Enter, or press ? or * to list all spells.
Aiming: Sandblast (safe; 7% risk of failure)
Press: ? - help, Shift-Dir - straight line, f - goblin
Aim: a goblin, wielding a +4 dagger The blast of sand hits the goblin.
You kill the goblin!
b - 55 stones The kobold throws a stone.
The stone completely misses you.
Unknown command.
The kobold misses you.
You scratch the kobold.
The kobold is heavily wounded.
The kobold barely misses you.
You barely miss the kobold.
The kobold is heavily wounded.
The kobold barely misses you.
You scratch the kobold but do no damage.
The kobold is heavily wounded.
The kobold misses you.
You barely miss the kobold.
The kobold is heavily wounded.
The kobold hits you.
You scratch the kobold but do no damage.
The kobold is heavily wounded.
The kobold hits you.
You scratch the kobold.
The kobold is severely wounded.
The kobold hits you.
* * * LOW HITPOINT WARNING * * *
You closely miss the kobold.
The kobold is severely wounded.
The kobold closely misses you.
You scratch the kobold but do no damage.
The kobold is severely wounded.
The kobold hits you.
* * * LOW HITPOINT WARNING * * *
Press: ? - help, v - describe, . - travel
Here: a kobold (severely wounded)
The floor.
The kobold throws a stone.
The stone completely misses you.
The kobold throws a stone.
The stone hits you.
* * * LOW HITPOINT WARNING * * *
You see here 2 stones.
Casting: Sandblast (safe; 7% risk of failure)
Confirm with . or Enter, or press ? or * to list all spells.
You can't see any susceptible monsters within range! (Use Z to cast anyway.)
The kobold throws a stone.
The stone hits you.
You die...

..# #....# #...........#
..# #....# #...........#
..# #..>.# #...........#
..######....# #....!......#
..'.........# #...........#
..#######...# #....K......#
..##........# #...........#
.)..........# #...........#
'#.#.#.....####.@.........#
.#......#......((..)......#
.###...###.####...........#
...'.......# #...........#
..##...##### #############
..###### ......# #.###.#
#.###.######


You could see a kobold.

Vanquished Creatures
  A leopard gecko (D:1)
  2 giant cockroaches (D:1)
  7 goblins (D:1)
  5 hobgoblins (D:1)
  4 jackals (D:1)
  A ball python (D:1)
  3 bats (D:1)
  2 frilled lizards (D:1)
  3 kobolds (D:1)
  A rat (D:1)
29 creatures vanquished.

Notes
Turn   | Place    | Note
-------+----------+-------------------------------------------
     0 | D:1      | Amnesiac the Felid Earth Elementalist began the quest for
                  | the Orb.
     0 | D:1      | Reached XP level 1. HP: 7/7 MP: 4/4
   102 | D:1      | Reached skill level 1 in Unarmed Combat
   208 | D:1      | Reached XP level 2. HP: 8/11 MP: 3/6
   212 | D:1      | Learned a level 2 spell: Passwall
   992 | D:1      | Reached XP level 3. HP: 10/14 MP: 7/7
  1227 | D:1      | Hit by a stone thrown by a kobold

Vault maps used:
D:1:      kennysheep_arrival_seaside, minmay_misc_feat_four_crosses,
          columned_hall_lemuel

Skill      XL: |  1  2 |
---------------+-------+-----
Unarmed Combat | 1 2 |  2.5
Dodging        | |  2.6
Stealth        | |  2.6
Spellcasting   | |  2.0
Transmutations | |  1.6
Earth Magic    | |  2.6

Action                   || total
-------------------------++-------
Melee: Unarmed           ||    85
       Bite              ||     8
       Punch             ||     1
 Cast: Sandblast         ||    19
       Passwall          ||     2
 Stab: Sleeping          ||     4
  Eat: Chunk             ||     8
Armor: Skin              ||     6
Dodge: Dodged            ||    93

Table legend:
 A = Non-vault XP
 B = Vault XP
 C = Vault XP percentage of total XP
 D = Non-vault monster count
 E = Vault monster count
 F = Vault count percentage of total count
                 A         B        C        D         E       F
            +---------+---------+-------+---------+---------+-------
      Total |      50 |       0 |   0.0 |      29 |       0 |   0.0
            +---------+---------+-------+---------+---------+-------
        D:1 |      50 |       0 |   0.0 |      29 |       0 |   0.0
            +---------+---------+-------+---------+---------+-------
